 Dungeon Crawl Stone Soup version 0.31-a0-204-g7da18cac08 (webtiles) character file.

Game seed: 15482050106098441430

4107 qw the Markself (level 10, -3/59 HPs)
             Began as a Deep Elf Hunter on June 27, 2023.
             Was an Initiate of Okawaru.
             Slain by a yak (9 damage)
             ... on level 1 of the Lair of Beasts.
             The game lasted 00:03:28 (8424 turns).

qw the Markself (Deep Elf Hunter)                   Turns: 8424, Time: 00:03:29

Health: -3/59      AC: 10    Str: 11 (12) XL:     10   Next: 6%
Magic:  12/12      EV: 13    Int: 15      God:    Okawaru [......]
Gold:   136        SH:  0    Dex: 16      Spells: 9/9 levels left

rFire   . . .        Y - +0 orcbow (heavy)
rCold   . . .        (shield currently unavailable)
rNeg    . . .        n - +0 ring mail
rPois   +            d - +1 hat
rElec   .            p - +0 cloak
rCorr   .            l - +1 pair of gloves
SInv    +            f - +0 pair of boots
Will    +....        (no amulet)
Stlth   +            m - ring of see invisible
HPRegen 0.29/turn    i - ring of poison resistance
MPRegen 0.13/turn

%: no passive effects
@: no status effects
A: hooves 1, clumsy 1
a: Renounce Religion


You were on level 1 of the Lair of Beasts.
You worshipped Okawaru.
Okawaru was noncommittal.
You visited 3 branches of the dungeon, and saw 10 of its levels.
You also visited: Sewer.

You collected 406 gold pieces.
You spent 270 gold pieces at shops.


Innate Abilities, Weirdness & Mutations

You have large cloven feet.
You are clumsy. (Dex -2)


   Skills:
 - Level 5.0 Fighting
 - Level 16.0 Ranged Weapons
 - Level 2.4 Armour
 + Level 6.4 Dodging
 - Level 1.2 Stealth
 - Level 0.5 Invocations


You had 9 spell levels left.
You didn't know any spells.
Your spell library was empty.

Inventory:

Hand Weapons
 Y - a +0 heavy orcbow (weapon)
Armour
 d - a +1 hat (worn)
 f - a +0 pair of boots (worn)
 l - a +1 pair of gloves (worn)
 n - a +0 ring mail (worn)
 p - a +0 cloak (worn)
Jewellery
 b - a ring of willpower
 i - a ring of poison resistance (right hand)
 m - a ring of see invisible (left hand)
 q - a ring of protection from cold
Wands
 r - a wand of digging (5)
Scrolls
 c - 4 scrolls of teleportation
 j - 3 scrolls of identify
Potions
 a - 7 potions of enlightenment
 e - 2 potions of curing
 g - 3 potions of heal wounds
 k - a potion of haste
 o - a potion of mutation
 s - a potion of might

Dungeon Overview and Level Annotations

Branches:
Dungeon (8/15)             Temple (1/1) D:7            Lair (1/5) D:8
  Sewer (visited)

Altars:
Ashenzari
Cheibriados
Dithmenos
Elyvilon
Fedhas
Gozag
Hepliaklqana
Kikubaaqudgha
Makhleb
Nemelex Xobeh
Okawaru
Qazlal
Ru
Sif Muna
Trog
Uskayaw
Vehumet
Wu Jian
Xom
Yredelemnul
Zin
The Shining One

Shops:
D:4 (   D:6 (=*!


Message History

Where to? (* - list waypoints, Enter - D:8, ? - help)
What level of the Lair of Beasts? (default 1, ? - help)
You see here a +0 club.
Things that are here:
a +0 dagger; a +0 ring mail
There is a staircase to the Lair here.
You climb downwards.
Welcome to the Lair of Beasts!
The komodo dragon hisses angrily.
There is a staircase back to the Dungeon here.
There are monsters nearby!
Waypoint 10 assigned to Lair:1.
You shoot an arrow. The arrow barely misses the yak.
The arrow hits the plant.
The plant begins to die.
The plant is lightly damaged.
You shoot an arrow. The arrow closely misses the yak.
The arrow hits the komodo dragon!!
The komodo dragon is heavily wounded.
You hear a bellow!
You shoot an arrow. The arrow hits the yak.
The yak is lightly wounded.
A yak comes into view.
You shoot an arrow. The arrow hits the yak.
The yak is moderately wounded.
A nearby plant withers and dies.
You shoot an arrow. The arrow barely misses the yak.
The arrow closely misses the yak.
The arrow barely misses the yak.
The yak closely misses you.
You shoot an arrow.
The arrow hits the komodo dragon but does no damage.
The komodo dragon is heavily wounded.
The yak gores you. The komodo dragon misses you.
You shoot an arrow. The arrow hits the komodo dragon!!
The komodo dragon is almost dead.
A bullfrog comes into view.
The yak closely misses you. The yak gores you but does no damage.
The komodo dragon bites you!! The komodo dragon barely misses you.
The yak closely misses you. The yak gores you!
8424 ||| STAIRDANCE The komodo dragon bites you!!
The yak gores you!
You die...

## ###.### #
##.....#.##
###..........
#.....Y......
#...@YY.....
#....l......
#..........#
#P........###
##........#
#........#
#.........
#F.........


You could see a komodo dragon, 3 yaks and a bullfrog (wandering).

Vanquished Creatures
  A yak (D:7)
  A steam dragon (D:7)
  A water moccasin (D:6)
  An acid dragon (D:8)
  An orc warrior (D:8)
  3 ice beasts
  4 sky beasts
  4 centaurs
  2 ogres
  A phantom (D:7)
  3 kobold brigands
  3 bullfrogs
  3 scorpions
  A wight (D:7)
  6 killer bees (D:8)
  3 howler monkeys (D:7)
  7 electric eels (D:8)
  3 jellies
  5 hounds
  3 gnoll boudas
  An orc priest (D:5)
  2 sleepcaps (D:7)
  4 iguanas
  Ijyb (D:5)
  5 orc wizards
  9 adders
  14 gnolls
  6 river rats
  A white imp (D:7)
  2 worms (D:3)
  A dart slug (D:1)
  24 orcs
  5 bats
  6 endoplasms
  2 giant cockroaches
  10 goblins
  9 hobgoblins
  11 jackals
  5 quokkas
  10 ball pythons
  4 frilled lizards
  14 kobolds
  2 rats (Sewer)
204 creatures vanquished.

Vanquished Creatures (others)
  A human (D:5)
  An orc wizard (D:7)
2 creatures vanquished.

Grand Total: 206 creatures vanquished

Notes
Turn   | Place    | Note
-------+----------+-------------------------------------------
     0 | D:1      | qw the Deep Elf Hunter began the quest for the Orb.
     0 | D:1      | Reached XP level 1. HP: 12/12 MP: 3/3
     0 | D:1      | 0 ||| qw: Version: 0.3-a-22-g0ed2b0b
     0 | D:1      | 0 ||| qw: Game counter: 6557
     0 | D:1      | 0 ||| qw: Melee chars always use a shield: true
     0 | D:1      | 0 ||| qw: God list: Okawaru
     0 | D:1      | 0 ||| qw: Allow faded altars: false
     0 | D:1      | 0 ||| qw: Do Orc after clearing Dungeon:15 true
     0 | D:1      | 0 ||| qw: Do second Lair branch before Depths: true
     0 | D:1      | 0 ||| qw: Lair rune preference: random
     0 | D:1      | 0 ||| qw: Goals: Normal
     0 | D:1      | 0 ||| PLANNING D:1-11
    74 | D:1      | Reached XP level 2. HP: 16/16 MP: 4/4
   110 | D:1      | Reached skill level 6 in Ranged Weapons
   531 | D:1      | 531 ||| UPGRADING to +1 hat.
   536 | D:1      | 536 ||| READING scroll labelled EMUARE QEILOPI.
   537 | D:1      | 537 ||| READING scroll labelled TEIMISS CIYCRU.
   538 | D:1      | 538 ||| READING scroll labelled ELIOGG SA VES.
   539 | D:1      | 539 ||| READING scroll labelled NULLEDW OCRYB.
   543 | D:1      | 543 ||| READING scroll labelled ADWE MIFUEQISCH.
   644 | D:1      | 644 ||| READING scroll labelled NEATUD XELUPT.
   645 | D:1      | 645 ||| READING scroll labelled ZOHOHI ZANGO.
   674 | D:1      | 674 ||| DROPPING scroll of butterflies.
   712 | D:2      | 712 ||| FLEEEEING.
   714 | D:2      | 714 ||| FLEEEEING.
   715 | D:2      | 715 ||| FLEEEEING.
   745 | D:2      | Reached XP level 3. HP: 19/20 MP: 5/5
   999 | D:2      | Reached skill level 7 in Ranged Weapons
  1447 | D:2      | 1447 ||| DROPPING amulet of magic regeneration.
  1448 | D:2      | 1448 ||| UPGRADING to ring of willpower.
  1449 | D:2      | 1449 ||| UPGRADING to ring of poison resistance.
  1450 | D:2      | 1450 ||| READING scroll labelled ZYHUUR HEZXOPT.
  1451 | D:2      | 1451 ||| READING 3 scrolls labelled OBAUCS ROITWUK.
  1452 | D:2      | 1452 ||| DROPPING 2 scrolls of fog.
  1494 | D:3      | 1494 ||| PLANNING SEWER
  1536 | D:3      | Reached XP level 4. HP: 25/25 MP: 6/6
  2021 | D:3      | Reached skill level 8 in Ranged Weapons
  2072 | D:3      | Found a glowing drain.
  2073 | D:3      | 2073 ||| UPGRADING to +0 pair of gloves.
  2078 | D:3      | 2078 ||| UPGRADING to +0 ring mail.
  2088 | D:3      | 2088 ||| DROPPING +0 leather armour.
  2089 | D:3      | 2089 ||| UPGRADING to ring of see invisible.
  2091 | D:3      | 2091 ||| READING scroll labelled IVUYRU YBLUT.
  2092 | D:3      | 2092 ||| READING scroll labelled BAEJ VOVVA.
  2093 | D:3      | 2093 ||| READING 2 scrolls of identify.
  2093 | D:3      | 2093 ||| IDENTIFYING amethyst potion
  2097 | Sewer    | Entered a sewer
  2104 | Sewer    | Noticed a kobold brigand
  2121 | Sewer    | Killed a kobold brigand
  2122 | Sewer    | Reached XP level 5. HP: 28/29 MP: 7/7
  2172 | Sewer    | Reached skill level 9 in Ranged Weapons
  2172 | Sewer    | 2172 ||| FLEEEEING.
  2173 | Sewer    | 2173 ||| FLEEEEING.
  2188 | Sewer    | 2188 ||| Stepping ~*~*~tactically~*~*~ (water).
  2240 | Sewer    | 2240 ||| Stepping ~*~*~tactically~*~*~ (water).
  2255 | Sewer    | Reached XP level 6. HP: 35/35 MP: 8/8
  2264 | Sewer    | 2264 ||| READING scroll of enchant weapon.
  2264 | Sewer    | 2264 ||| ENCHANTING +0 heavy shortbow.
  2499 | Sewer    | 2499 ||| READING scroll labelled GIVALEO FASI.
  2502 | Sewer    | 2502 ||| Stepping ~*~*~tactically~*~*~ (water).
  2752 | Sewer    | 2752 ||| DRINKING 2 fizzy puce potions.
  2796 | D:3      | 2796 ||| PLANNING D:1-11
  3035 | D:4      | 3035 ||| FLEEEEING.
  3098 | D:4      | Reached skill level 10 in Ranged Weapons
  3168 | D:4      | Reached skill level 3 in Dodging
  3302 | D:4      | Reached skill level 1 in Armour
  3302 | D:4      | Reached XP level 7. HP: 40/40 MP: 9/9
  3303 | D:4      | Found Qamuatij's Weapon Shoppe.
  3611 | D:4      | 3611 ||| READING scroll labelled ASATOH IZEGULA.
  3612 | D:4      | 3612 ||| DRINKING 2 red potions.
  3626 | D:5      | Entered Level 5 of the Dungeon
  3629 | D:5      | 3629 ||| STAIRDANCE
  3746 | D:5      | 3746 ||| STAIRDANCE
  3814 | D:5      | 3814 ||| STAIRDANCE
  3833 | D:5      | 3833 ||| STAIRDANCE
  3887 | D:5      | 3887 ||| SWAPPING to +0 orcbow.
  3896 | D:5      | Reached skill level 11 in Ranged Weapons
  3899 | D:5      | 3899 ||| DROPPING +1 heavy shortbow.
  3951 | D:5      | 3951 ||| Stepping ~*~*~tactically~*~*~ (outnumbered).
  4031 | D:5      | Found an ancient bone altar of Kikubaaqudgha.
  4034 | D:5      | 4034 ||| READING scroll of enchant armour.
  4034 | D:5      | 4034 ||| ENCHANTING +0 pair of gloves.
  4035 | D:5      | Noticed a human
  4037 | D:5      | Killed a human
  4146 | D:5      | Noticed Ijyb
  4149 | D:5      | Reached skill level 12 in Ranged Weapons
  4153 | D:5      | Killed Ijyb
  4194 | D:5      | 4194 ||| READING scroll of brand weapon.
  4194 | D:5      | 4194 ||| BRANDING +0 orcbow.
  4243 | D:5      | Reached XP level 8. HP: 45/45 MP: 10/10
  4363 | D:5      | 4363 ||| DRINKING 2 white potions.
  4363 | D:5      | Gained mutation: You have large cloven feet. [potion of
                  | mutation]
  4363 | D:5      | Gained mutation: You are clumsy. (Dex -2) [potion of
                  | mutation]
  4397 | D:6      | Reached skill level 3 in Fighting
  4418 | D:6      | Found Soda's Distillery.
  4423 | D:6      | Found Leggastri's General Store.
  4426 | D:6      | 4426 ||| BUYING potion of enlightenment (70 gold).
  4426 | D:6      | Bought a potion of enlightenment for 70 gold pieces
  4426 | D:6      | 4426 ||| BUYING potion of enlightenment (70 gold).
  4426 | D:6      | Bought a potion of enlightenment for 70 gold pieces
  4454 | D:6      | Found Extoutadd's Jewellery Boutique.
  4459 | D:6      | 4459 ||| SHOPLISTING +4 ring of protection (432 gold, have
                  | 87).
  4459 | D:6      | 4459 ||| SHOPLISTING amulet of Itut {Reflect Fragile rC++
                  | SH+5} (586 gold, have 87).
  4459 | D:6      | 4459 ||| SHOPLISTING amulet of Zircholo {RegenMP Slay+3}
                  | (595 gold, have 87).
  4459 | D:6      | 4459 ||| SHOPLISTING ring of protection from fire (300
                  | gold, have 87).
  4483 | D:6      | Reached skill level 13 in Ranged Weapons
  4768 | D:6      | 4768 ||| BUYING 2 potions of enlightenment (130 gold).
  4768 | D:6      | Bought 2 potions of enlightenment for 130 gold pieces
  4768 | D:6      | 4768 ||| SHOPLISTING potion of curing (39 gold, have 1).
  4768 | D:6      | 4768 ||| SHOPLISTING potion of enlightenment (65 gold, have
                  | 1).
  4768 | D:6      | 4768 ||| SHOPLISTING potion of heal wounds (65 gold, have
                  | 1).
  4972 | D:6      | Found Esmuanko's Antique Weapon Shoppe.
  5123 | D:6      | 5123 ||| DRINKING 2 murky grey potions.
  5209 | D:7      | 5209 ||| Stepping ~*~*~tactically~*~*~ (outnumbered).
  5211 | D:7      | Reached skill level 14 in Ranged Weapons
  5213 | D:7      | 5213 ||| Stepping ~*~*~tactically~*~*~ (outnumbered).
  5287 | D:7      | Found a blossoming altar of Fedhas.
  5307 | D:7      | Found a staircase to the Ecumenical Temple.
  5308 | D:7      | 5308 ||| PLANNING TEMPLE
  5314 | D:7      | Reached XP level 9. HP: 51/51 MP: 11/11
  5330 | Temple   | Entered the Ecumenical Temple
  5331 | Temple   | 5331 ||| PLANNING OKAWARU WORSHIP
  5391 | Temple   | Became a worshipper of Warmaster Okawaru
  5392 | Temple   | 5392 ||| PLANNING D:1-11
  5540 | D:7      | Reached skill level 15 in Ranged Weapons
  5577 | D:7      | Found a bloodstained altar of Trog.
  5588 | D:7      | Found a white marble altar of Elyvilon.
  5606 | D:7      | Found a shimmering altar of Xom.
  5624 | D:7      | Found a broken altar of Ashenzari.
  5862 | D:7      | 5862 ||| FLEEEEING.
  5865 | D:7      | 5865 ||| FLEEEEING.
  5866 | D:7      | 5866 ||| FLEEEEING.
  5868 | D:7      | 5868 ||| FLEEEEING.
  5869 | D:7      | 5869 ||| FLEEEEING.
  5871 | D:7      | 5871 ||| FLEEEEING.
  5872 | D:7      | 5872 ||| FLEEEEING.
  5873 | D:7      | 5873 ||| FLEEEEING.
  5874 | D:7      | 5874 ||| FLEEEEING.
  5875 | D:7      | 5875 ||| FLEEEEING.
  5876 | D:7      | 5876 ||| FLEEEEING.
  5877 | D:7      | 5877 ||| FLEEEEING.
  5878 | D:7      | 5878 ||| FLEEEEING.
  5881 | D:7      | 5881 ||| FLEEEEING.
  5882 | D:7      | 5882 ||| FLEEEEING.
  5883 | D:7      | 5883 ||| FLEEEEING.
  5884 | D:7      | 5884 ||| FLEEEEING.
  5887 | D:7      | 5887 ||| FLEEEEING.
  5888 | D:7      | 5888 ||| FLEEEEING.
  5889 | D:7      | 5889 ||| FLEEEEING.
  5892 | D:7      | 5892 ||| FLEEEEING.
  5893 | D:7      | 5893 ||| FLEEEEING.
  5894 | D:7      | 5894 ||| FLEEEEING.
  5896 | D:7      | 5896 ||| FLEEEEING.
  5897 | D:7      | 5897 ||| FLEEEEING.
  5898 | D:7      | 5898 ||| FLEEEEING.
  5900 | D:7      | 5900 ||| FLEEEEING.
  5901 | D:7      | 5901 ||| FLEEEEING.
  5902 | D:7      | 5902 ||| FLEEEEING.
  5904 | D:7      | 5904 ||| FLEEEEING.
  5905 | D:7      | 5905 ||| FLEEEEING.
  5906 | D:7      | 5906 ||| FLEEEEING.
  5907 | D:7      | 5907 ||| FLEEEEING.
  5995 | D:7      | 5995 ||| FLEEEEING.
  5997 | D:7      | 5997 ||| FLEEEEING.
  5998 | D:7      | 5998 ||| FLEEEEING.
  5999 | D:7      | 5999 ||| FLEEEEING.
  6000 | D:7      | 6000 ||| STAIRDANCE
  6096 | D:6      | 6096 ||| READING scroll labelled YCAENAMUU.
  6099 | D:7      | 6099 ||| STAIRDANCE
  6243 | D:7      | 6243 ||| Stepping ~*~*~tactically~*~*~ (cloud).
  6250 | D:7      | 6250 ||| DRINKING 2 potions of curing.
  6250 | D:7      | 6250 ||| (to cure confusion)
  6265 | D:7      | Reached * piety under Okawaru
  6268 | D:7      | 6268 ||| INVOKING Heroism.
  6306 | D:7      | 6306 ||| FLEEEEING.
  6307 | D:7      | 6307 ||| FLEEEEING.
  6308 | D:7      | 6308 ||| FLEEEEING.
  6312 | D:7      | 6312 ||| FLEEEEING.
  6313 | D:7      | 6313 ||| STAIRDANCE
  6421 | D:7      | Reached skill level 16 in Ranged Weapons
  6438 | D:7      | 6438 ||| INVOKING Heroism.
  6440 | D:7      | Reached skill level 6 in Dodging
  6532 | D:7      | 6532 ||| UPGRADING to +0 cloak.
  6537 | D:7      | 6537 ||| DRINKING 2 blue potions.
  6538 | D:7      | 6538 ||| READING 2 scrolls of identify.
  6538 | D:7      | 6538 ||| IDENTIFYING viscous orange potion
  6539 | D:7      | 6539 ||| DROPPING potion of degeneration.
  6540 | D:7      | 6540 ||| DROPPING potion of berserk rage.
  6582 | D:8      | Found a staircase to the Lair.
  6591 | D:8      | 6591 ||| INVOKING Heroism.
  6769 | D:8      | 6769 ||| INVOKING Heroism.
  6770 | D:8      | 6770 ||| INVOKING Heroism.
  6901 | D:8      | 6901 ||| INVOKING Heroism.
  6904 | D:8      | 6904 ||| Stepping ~*~*~tactically~*~*~ (outnumbered).
  6947 | D:8      | 6947 ||| FLEEEEING.
  6976 | D:8      | 6976 ||| FLEEEEING.
  7065 | D:8      | Found the +18 Lear's hauberk
  7134 | D:8      | 7134 ||| READING scroll of brand weapon.
  7134 | D:8      | 7134 ||| BRANDING +0 orcbow of draining.
  7255 | D:8      | 7255 ||| FLEEEEING.
  7256 | D:8      | 7256 ||| FLEEEEING.
  7257 | D:8      | 7257 ||| FLEEEEING.
  7399 | D:8      | 7399 ||| FLEEEEING.
  7400 | D:8      | 7400 ||| FLEEEEING.
  7401 | D:8      | 7401 ||| FLEEEEING.
  7402 | D:8      | 7402 ||| FLEEEEING.
  7403 | D:8      | 7403 ||| FLEEEEING.
  7404 | D:8      | 7404 ||| FLEEEEING.
  7405 | D:8      | 7405 ||| FLEEEEING.
  7465 | D:8      | 7465 ||| FLEEEEING.
  7466 | D:8      | 7466 ||| FLEEEEING.
  7467 | D:8      | 7467 ||| FLEEEEING.
  7468 | D:8      | 7468 ||| FLEEEEING.
  7533 | D:8      | Reached XP level 10. HP: 58/58 MP: 12/12
  7541 | D:8      | 7541 ||| INVOKING Heroism.
  7737 | D:8      | 7737 ||| UPGRADING to +0 pair of boots.
  7973 | D:8      | 7973 ||| INVOKING Heroism.
  7975 | D:8      | 7975 ||| READING 4 scrolls of identify.
  7975 | D:8      | 7975 ||| IDENTIFYING dark potion
  8103 | D:8      | HP: 10/59 [electric eel/bolt of electricity (6)]
  8104 | D:8      | 8104 ||| READING 5 scrolls of teleportation.
  8105 | D:8      | 8105 ||| DRINKING 4 potions of heal wounds.
  8359 | D:8      | 8359 ||| PLANNING LAIR
  8416 | Lair:1   | Entered Level 1 of the Lair of Beasts
  8424 | Lair:1   | 8424 ||| STAIRDANCE
  8424 | Lair:1   | HP: 6/59 [komodo dragon (18)]
  8424 | Lair:1   | Slain by a yak

Levels and vault maps discovered:
D:1:      mainiacjoe_arrival_reflecting_pool, layout_basic
D:2:      layout_basic, bh_walls_and_bars
D:3:      layout_loops_ring, gup_sewer_entry_bowl
D:4:      layout_basic, serial_shops, nicolae_shop_behind_doors,
          kennysheep_generic_room_14
D:5:      layout_rooms, tgw_kikubaaqudgha, uniq_ijyb
D:6:      layout_loops_cross, serial_shops, kennysheep_little_box,
          nicolae_shop_window_shopping, shop, nicolae_shop_pleasant_corner_grove
D:7:      minmay_bubble_buster, layout_loops_ring, overflow_temple_1_default,
          nicolae_overflow_quartered_altars, minmay_temple_entry_sparse_star
D:8:      layout_loops_corners, lair_entry_dummy, serial_bayou,
          serial_bayou_lagoon_b, serial_bayou_crossing, serial_bayou_pond_e,
          serial_bayou_lake_a
Temple:   nicolae_temple_x_marks_the_god
Lair:1:   layout_gridlike, hibernation_bobbens, serial_bayou_shore_b,
          lemuel_fruit_tree, infiniplex_staircase_pool, uniq_sonja,
          uniq_amaemon, uniq_joseph

Skill      XL: |  1  2  3  4  5  6  7  8  9 10 |
---------------+-------------------------------+-----
Ranged Weapons | 6 7 8 9 10 12 14 16 | 16.0
Fighting       | 2 3 4 5 |  5.0
Dodging        | 3 4 6 |  6.4
Armour         | 1 2 |  2.4
Stealth        | |  1.2
Invocations    | |  0.5

Action                     |  1- 3 |  4- 6 |  7- 9 | 10-12 || total
---------------------------+-------+-------+-------+-------++-------
   Fire: Shortbow          |    87 |   157 |    33 |       ||   277
         Orcbow            |       |       |   361 |    28 ||   389
 Invoke: Heroism           |       |       |     5 |     2 ||     7
    Use: Scroll            |     9 |     5 |     6 |     2 ||    22
         Potion            |       |     1 |     5 |     1 ||     7
 Armour: Leather armour    |     8 |     3 |       |       ||    11
         Ring mail         |       |    25 |    69 |     2 ||    96
  Dodge: Dodged            |    26 |    70 |   137 |     8 ||   241

Table legend:
 A = Non-vault XP
 B = Vault XP
 C = Vault XP percentage of total XP
 D = Non-vault monster count
 E = Vault monster count
 F = Vault count percentage of total count
                 A         B        C        D         E       F
            +---------+---------+-------+---------+---------+-------
      Total |    4200 |    1668 |  28.4 |     159 |      45 |  22.1
            +---------+---------+-------+---------+---------+-------
        D:1 |      30 |       0 |   0.0 |      16 |       0 |   0.0
        D:2 |      63 |       0 |   0.0 |      16 |       0 |   0.0
        D:3 |      45 |      20 |  30.8 |      21 |       3 |  12.5
        D:4 |     327 |     126 |  27.8 |      22 |       2 |   8.3
        D:5 |     480 |      36 |   7.0 |      20 |       1 |   4.8
        D:6 |     904 |     170 |  15.8 |      15 |       2 |  11.8
        D:7 |    1167 |    1011 |  46.4 |      29 |      11 |  27.5
        D:8 |    1184 |       0 |   0.0 |      20 |       0 |   0.0
      Sewer |       0 |     305 | 100.0 |       0 |      26 | 100.0
            +---------+---------+-------+---------+---------+-------
